 Dungeon Crawl Stone Soup version 0.29-a0-375-g5102b3be25 (webtiles) character file.

Game seed: 4920689900589764156

2662 Antichthon the Cudgeller (level 9, -2/55 HPs)
             Began as a Gargoyle Fighter on May 3, 2022.
             Was a Believer of Zin.
             Slain by a vampire (9 damage)
             ... on level 10 of the Dungeon.
             The game lasted 00:07:30 (6020 turns).

Antichthon the Cudgeller (Gargoyle Fighter)         Turns: 6020, Time: 00:07:30

Health: -2/55      AC: 20    Str: 22    XL:     9   Next: 63%
Magic:  12/12      EV: 11    Int: 17    God:    Zin [**....]
Gold:   414        SH:  5    Dex:  9    Spells: 8/8 levels left

rFire   + . .      SeeInvis .   a - +1 flail (spect)
rCold   + . .      Faith    .   c - +0 buckler
rNeg    + . .      Spirit   .   g - +0 acid dragon scales
rPois   ∞          Reflect  .   u - +1 hat
rElec   +          Harm     .   v - scarf {rC+ rF+}
rCorr   +          Rampage  .   k - +0 pair of gloves
Will    .....                   (no boots)
Stlth   +.........              (no amulet)
HPRegen 0.18/turn               i - +4 ring of protection
MPRegen 0.13/turn               r - +6 ring of intelligence

@: about to teleport
A: sickness immunity, AC +6, negative energy resistance 1, electricity
resistance, torment resistance 1, petrification resistance
a: Renounce Religion, Recite, Vitalisation, Donate Gold


You were on level 10 of the Dungeon.
You worshipped Zin.
Zin was pleased with you.
You visited 2 branches of the dungeon, and saw 9 of its levels.

You collected 460 gold pieces.
You donated 46 gold pieces to Zin.

Inventory:

Hand Weapons
 a - a +1 spectral flail (weapon)
Armour
 c - a +0 buckler (worn)
 g - +0 acid dragon scales (worn)
 k - a +0 pair of gloves (worn)
 u - a +1 hat (worn)
 v - a scarf of resistance (worn)
Jewellery
 i - a +4 ring of protection (left hand)
 r - a +6 ring of intelligence (right hand)
Scrolls
 j - a scroll of poison
 n - 2 scrolls of brand weapon
 t - a scroll of teleportation
Potions
 b - a potion of lignification {unknown}
 d - 2 potions of might
 e - a potion of mutation
 f - a potion of invisibility
 h - 4 potions of curing
 l - 3 potions of haste
 m - a potion of resistance
 o - a potion of attraction {unknown}
 p - a potion of ambrosia {unknown}
 q - a potion of magic {unknown}
 s - 2 potions of brilliance {unknown}


   Skills:
 * Level 5.8 Fighting
 * Level 7.9 Maces & Flails
 * Level 7.3 Armour
 * Level 3.2 Dodging
 * Level 5.5 Shields
 * Level 4.2 Invocations


You had 8 spell levels left.
You didn't know any spells.
Your spell library contained the following spells:

 Spells                   Type           Power      Damage    Failure   Level
 Freeze                   Ice            0%         1d3       36%         1
 Magic Dart               Conj           0%         1d3       36%         1
 Searing Ray              Conj           0%         2d4       50%         2
 Frozen Ramparts          Ice            0%         1d2       73%         3
 Fulminant Prism          Conj/Hex       0%         3d6       98%         4
 Hailstorm                Conj/Ice       0%         3d3       98%         4


Dungeon Overview and Level Annotations

Branches:
Dungeon (7/15)             Temple (1/1) D:7

Altars:
Dithmenos
Fedhas
Gozag
Makhleb
Nemelex Xobeh
Okawaru
Qazlal
Ru
Trog
Uskayaw
Vehumet
Wu Jian
Yredelemnul
Zin
The Shining One
Lugonu

Portals:
Abyss: D:4

Annotations:
D:4 2 transporters, spaghetti's ghost, amateur GnWn


Innate Abilities, Weirdness & Mutations

You are immune to sickness and miasma.
Your stone body is resilient. (AC +6)
You are immune to poison.
You resist negative energy. (rN+)
You are resistant to electric shocks. (rElec)
You are resistant to unholy torment.
You are immune to petrification.


Message History

Something hits you. x2
The vampire hits you but does no damage.
The vampire closely misses you.
You closely miss the vampire.
The vampire is moderately damaged.
Something hits you but does no damage. Something completely misses you.
The vampire hits you but does no damage.
You block the vampire's attack.
Unknown command.
You closely miss the vampire.
The vampire is moderately damaged.
Your +1 spectral flail misses the vampire.
Something closely misses your +1 spectral flail.
Something hits your +1 spectral flail.
Your spectral weapon shares its damage with you!
The vampire casts a spell.
The vampire flickers and vanishes!
Something hits your +1 spectral flail.
Your spectral weapon shares its damage with you!
Something completely misses you. Something bites you!
You miss something.
Your +1 spectral flail barely misses something.
Something hits you but does no damage. x2
Something bites you but does no damage.
Unknown command.
You barely miss something.
Your +1 spectral flail closely misses something.
Something completely misses you. Something hits you.
Something hits you but does no damage. Something bites you.
Something hits your +1 spectral flail.
Unknown command.
You hit something.
Your +1 spectral flail hits something.
Something hits you but does no damage. Something hits you.
* * * LOW HITPOINT WARNING * * *
Something bites you.
* * * LOW HITPOINT WARNING * * *
Unknown command.
As you read the scroll of teleportation, it crumbles to dust.
You feel strangely unstable. Something hits you but does no damage.
Something hits you!
You die...

## ## ### #.
§#...#
#.#...# #..#
# #.###{#$#
+...)@'#
#...#####{..#
. .#....#
.####.. .# .
.. '# #$


There were no monsters in sight!

Vanquished Creatures
  Pikel (D:7)
  Maggie (D:7)
  A wyvern (D:7)
  A yak (D:10)
  A water moccasin (D:5)
  A sky beast (D:7)
  2 ice beasts
  A centaur (D:10)
  4 bullfrogs
  3 necrophages (D:7)
  3 scorpions
  5 howler monkeys
  2 orc priests
  An iguana (D:6)
  5 orc wizards
  8 adders
  A gnoll (D:1)
  A shadow imp (D:7)
  A white imp (D:7)
  2 ufetubi
  3 worms
  A dart slug (D:2)
  15 orcs
  5 ball pythons
  5 endoplasms
  2 giant cockroaches
  10 goblins
  4 hobgoblins
  4 jackals (D:1)
  3 quokkas
  2 bats (D:2)
  4 frilled lizards
  3 kobolds
106 creatures vanquished.

Notes
Turn   | Place    | Note
-------+----------+-------------------------------------------
     0 | D:1      | Antichthon the Gargoyle Fighter began the quest for the
                  | Orb.
     0 | D:1      | Reached XP level 1. HP: 14/14 MP: 1/1
   225 | D:1      | Reached XP level 2. HP: 17/19 MP: 2/2
   447 | D:1      | Reached XP level 3. HP: 3/24 MP: 3/3
   900 | D:1      | Found a faded altar of an unknown god.
  1618 | D:2      | Reached XP level 4. HP: 29/29 MP: 4/4
  2194 | D:3      | Found a sparkling altar of Nemelex Xobeh.
  2908 | D:4      | Noticed a bullfrog
  2914 | D:4      | Killed a bullfrog
  2915 | D:4      | Reached skill level 1 in Dodging
  2915 | D:4      | Reached skill level 1 in Invocations
  2915 | D:4      | Reached XP level 5. HP: 33/33 MP: 5/5
  2946 | D:4      | Reached XP level 6. HP: 27/38 MP: 5/7
  3048 | D:4      | Found a one-way gate to the infinite horrors of the Abyss.
  3048 | D:4      | Noticed spaghetti's ghost (amateur GnWn)
  3130 | D:4      | Found a hide-covered altar of Uskayaw.
  3663 | D:4      | Noticed a small abomination
  3681 | D:4      | Found a transporter.
  3704 | D:4      | Found a transporter.
  3741 | D:5      | Entered Level 5 of the Dungeon
  3973 | D:5      | Noticed an ice beast
  3982 | D:5      | Killed an ice beast
  3983 | D:5      | Reached XP level 7. HP: 44/44 MP: 8/8
  4091 | D:5      | Reached skill level 5 in Maces & Flails
  4091 | D:5      | Reached skill level 5 in Armour
  4476 | D:6      | Reached XP level 8. HP: 33/48 MP: 9/9
  4765 | D:6      | Found an iron altar of Okawaru.
  5268 | D:6      | Found a burning altar of Makhleb.
  5269 | D:6      | Found a bloodstained altar of Trog.
  5345 | D:7      | Noticed Pikel
  5369 | D:7      | Killed Pikel
  5370 | D:7      | Reached skill level 5 in Fighting
  5370 | D:7      | Reached skill level 5 in Shields
  5370 | D:7      | Reached XP level 9. HP: 4/54 MP: 11/11
  5618 | D:7      | Found a staircase to the Ecumenical Temple.
  5648 | Temple   | Entered the Ecumenical Temple
  5691 | Temple   | Became a worshipper of Zin the Law-Giver
  5691 | Temple   | Reached * piety under Zin
  5691 | Temple   | Reached ** piety under Zin
  5767 | D:7      | Found an ornate altar of the Wu Jian Council.
  5786 | D:7      | Noticed Maggie
  5802 | D:7      | Killed Maggie
  5871 | D:7      | Found a radiant altar of Vehumet.
  6001 | D:7      | You fall into a shaft and drop 3 floors!
  6001 | D:10     | Entered Level 10 of the Dungeon
  6020 | D:10     | Slain by a vampire

Illustrated notes

Levels and vault maps discovered:
D:1:      dpeg_arrival_fog, layout_loops_corners, basic_ecumenical_altar
D:2:      layout_basic, serial_curves, eino_curves_02, eino_curves_01
D:3:      layout_basic, old_standard_altar
D:4:      layout_gridville, amcnicky_altar_gilded,
          gammafunk_ghost_abyssal_escape, minmay_small_thing
D:5:      layout_loops_ring
D:6:      layout_cave_pods, mainiacjoe_overflow_small_starburst,
          gammafunk_temple_overflow_pools
D:7:      layout_loops_cross, nicolae_wu_jian_wuxing_cycle,
          mainiacjoe_overflow_alcove_1, cheibrodos_worm_habitat,
          minmay_temple_entry_wispy, uniq_maggie, uniq_pikel
D:10:     layout_rooms, nicolae_kikubaaqudgha_miasma_corner, lair_entry_dummy,
          orc_david_3, minmay_fractal_squares_diagonal_5
Temple:   corrupted_temple

Skill      XL: |  1  2  3  4  5  6  7  8  9 |
---------------+----------------------------+-----
Maces & Flails | 3 4 5 6 7 |  7.9
Armour         | 4 5 6 7 |  7.3
Fighting       | 4 5 |  5.8
Dodging        | 1 2 3 |  3.2
Invocations    | 1 2 3 4 |  4.2
Shields        | 4 5 |  5.5

Action                   |  1- 3 |  4- 6 |  7- 9 || total
-------------------------+-------+-------+-------++-------
Melee: Flail             |    95 |   100 |   164 ||   359
  Use: Scroll            |     4 |    10 |     6 ||    20
       Potion            |       |       |     1 ||     1
 Stab: Distracted        |       |       |     1 ||     1
Armor: Scale mail        |    68 |    54 |    68 ||   190
       Acid dragon scale |       |       |    22 ||    22
Dodge: Dodged            |    47 |    51 |    62 ||   160
Block: Buckler           |    30 |    21 |    39 ||    90

Table legend: (Time is in decaauts)
 A = Elapsed time spent in this place.
 B = Non-inter-level travel time spent in this place.
 C = Inter-level travel time spent in this place.
 D = Time resting spent in this place.
 E = Time spent auto-exploring this place.
 F = Levels seen in this place.
 G = Mean time per level.
                   A        B        C        D        E       F      G
               +--------+--------+--------+--------+--------+-----+--------+
         Total |   6095 |   5922 |    173 |      0 |   4876 |   9 |  677.2 |
       Dungeon |   6033 |   5878 |    155 |      0 |   4850 |   8 |  754.1 |
        Temple |     62 |     44 |     18 |      0 |     26 |   1 |   62.0 |
               +--------+--------+--------+--------+--------+-----+--------+

Top non-repeatable levels by time:
     D:1: 1336 daAuts
     D:6: 923 daAuts
     D:4: 865 daAuts
     D:3: 864 daAuts
     D:2: 725 daAuts
     D:5: 695 daAuts
     D:7: 603 daAuts
  Temple: 62 daAuts
    D:10: 19 daAuts
